 Dungeon Sprint DCSS version 0.23.2-1-ga50397a6bc (webtiles) character file.

Game seed: 10209095739488368071

693 Kobolds4U the Carver (level 7, -8/108 HPs)
             Began as a Minotaur Berserker on May 21, 2019.
             Was a Priest of Trog.
             Mangled by an ice devil (14 damage)
             ... summoned by a kobold demonologist
             ... in the Dungeon (Sprint I: "Red Sonja").
             The game lasted 00:01:11 (558 turns).

Kobolds4U the Carver (Minotaur Berserker)            Turns: 558, Time: 00:01:11

Health: -8/108     AC:  9    Str: 27    XL:     7   Next: 37%
Magic:  6/6        EV: 12    Int:  4    God:    Trog [***...]
Gold:   418        SH:  0    Dex: 11    Spells: 6/6 levels left

rFire    . . .     SeeInvis .   a - +0 falchion
rCold    . . .     Gourm    .   (no shield)
rNeg     . . .     Faith    .   k - +0 chain mail
rPois    .         Spirit   .   m - +1 hat
rElec    .         Reflect  .   (no cloak)
rCorr    .         Harm     .   (no gloves)
MR       .....     NoTele   +   (no boots)
Stlth    ..........             (no amulet)
HPRegen  0.28/turn              (no ring)
MPRegen  0.10/turn              (no ring)

@: berserking, very quick
A: retaliatory headbutt, horns 2
a: Berserk, Trog's Hand, Renounce Religion


You were in the Dungeon.
You worshipped Trog.
Trog was most pleased with you.
You were not hungry.

You visited 1 branch You collected 418 gold pieces.

Inventory:

Hand Weapons
 a - a +0 falchion (weapon)
Armour
 k - a +0 chain mail (worn)
 m - a +1 hat (worn)
Scrolls
 i - a scroll of blinking
Potions
 b - a potion of lignification {unknown}
 d - a potion of curing
 e - a potion of heal wounds
 f - a potion of haste
 g - 2 potions of magic
 h - a potion of berserk rage
 j - a potion of might {unknown}
 n - a potion of cancellation {unknown}
Comestibles
 c - a ration
 l - 2 chunks of flesh


   Skills:
 + Level 10.3 Fighting
 * Level 13.5 Long Blades
 - Level 2.4 Armour
 + Level 9.1 Dodging


You had 6 spell levels left.
You didn't know any spells.
Your spell library was empty.

Dungeon Overview and Level Annotations

Branches:
Dungeon (1/1)

Altars:
Cheibriados
Dithmenos
Elyvilon
Fedhas
Gozag
Hepliaklqana
Kikubaaqudgha
Makhleb
Nemelex Xobeh
Okawaru
Qazlal
Ru
Sif Muna
Trog
Uskayaw
Vehumet
Wu Jian
Xom
Yredelemnul
Zin
The Shining One
Jiyva
Lugonu

Shops:
D %


Innate Abilities, Weirdness & Mutations

You reflexively headbutt those who attack you in melee.
You have a pair of horns on your head.


Message History

Unknown command.
A red film seems to cover your vision as you go berserk!
You feel yourself moving faster!
You feel mighty!
You feel a lot more hungry. The ice devil hits you.
* * * LOW HITPOINT WARNING * * *
The ice devil freezes you!
* * * LOW HITPOINT WARNING * * *
The kobold demonologist barely misses you.
You riposte.
You slash the kobold demonologist!
Your headbutt misses the kobold demonologist.
The kobold demonologist is heavily wounded.
You closely miss the kobold demonologist.
You headbutt the kobold demonologist!
The kobold demonologist is severely wounded.
You hit the kobold demonologist.
The kobold demonologist is almost dead.
The ice devil hits you!
* * * LOW HITPOINT WARNING * * *
The ice devil freezes you!
You die...

#####################
[').#..'..#__#..@4K5#
.#..').#..'..'..#K4.#
###'#####'#__####4..+
##..#...#.#### #####
_####..##.#
____##'#_.+
.∩...÷..._#
..__##_.#'#
____###+#.#


You could see an ice devil, a rust devil, 2 kobold demonologists, a chaos spawn
and an ufetubus.

Vanquished Creatures
  A slime creature (D)
  Sigmund (D)
  A yak (D)
  A floating eye (D)
  An ogre (D)
  A jelly (D)
  Ijyb (D)
7 creatures vanquished.

Notes
Turn   | Place    | Note
-------+----------+-------------------------------------------
     0 | D        | Kobolds4U the Minotaur Berserker began the quest for the
                  | Orb.
     0 | D        | Reached XP level 1. HP: 19/19 MP: 0/0
     1 | D        | Noticed Ijyb
    12 | D        | Killed Ijyb
    12 | D        | Reached skill level 5 in Fighting
    12 | D        | Reached skill level 6 in Long Blades
    12 | D        | Reached XP level 2. HP: 20/29 MP: 1/1
   112 | D        | Noticed an ogre
   116 | D        | Killed an ogre
   116 | D        | Reached skill level 8 in Long Blades
   116 | D        | Reached skill level 5 in Dodging
   116 | D        | Reached XP level 3. HP: 22/38 MP: 2/2
   116 | D        | Reached XP level 4. HP: 27/45 MP: 3/3
   244 | D        | Noticed Sigmund
   251 | D        | Killed Sigmund
   251 | D        | Reached ** piety under Trog
   251 | D        | Reached skill level 10 in Long Blades
   251 | D        | Reached XP level 5. HP: 48/53 MP: 4/4
   289 | D        | Found an ornate altar of the Wu Jian Council.
   289 | D        | Found a deep blue altar of Sif Muna.
   291 | D        | Found a radiant altar of Vehumet.
   294 | D        | Reached skill level 11 in Long Blades
   294 | D        | Reached XP level 6. HP: 61/62 MP: 5/5
   325 | D        | Found Loamung's Food Emporium.
   325 | D        | Found an ancient bone altar of Kikubaaqudgha.
   325 | D        | Found a hazy altar of Hepliaklqana.
   325 | D        | Found a hide-covered altar of Uskayaw.
   325 | D        | Found a basalt altar of Yredelemnul.
   325 | D        | Found an opulent altar of Gozag.
   325 | D        | Found a snail-covered altar of Cheibriados.
   325 | D        | Found a sacrificial altar of Ru.
   325 | D        | Found a shadowy altar of Dithmenos.
   325 | D        | Noticed a yak
   330 | D        | Killed a yak
   330 | D        | Reached skill level 12 in Long Blades
   331 | D        | Found a stormy altar of Qazlal.
   331 | D        | Found a blossoming altar of Fedhas.
   331 | D        | Found a bloodstained altar of Trog.
   331 | D        | Found an iron altar of Okawaru.
   331 | D        | Found a glowing golden altar of the Shining One.
   331 | D        | Found a glowing silver altar of Zin.
   331 | D        | Found a white marble altar of Elyvilon.
   334 | D        | Found a sparkling altar of Nemelex Xobeh.
   448 | D        | Found a viscous altar of Jiyva.
   448 | D        | Found a corrupted altar of Lugonu.
   448 | D        | Noticed a slime creature
   449 | D        | Found a burning altar of Makhleb.
   449 | D        | Found a shimmering altar of Xom.
   455 | D        | Killed a slime creature
   455 | D        | Reached *** piety under Trog
   455 | D        | Reached skill level 10 in Fighting
   455 | D        | Reached skill level 13 in Long Blades
   455 | D        | Reached XP level 7. HP: 55/72 MP: 6/6
   542 | D        | Noticed a kobold demonologist
   542 | D        | Noticed a kobold demonologist
   543 | D        | Paralysed by a floating eye for 2 turns
   545 | D        | Noticed an ice devil
   546 | D        | Noticed a chaos spawn
   547 | D        | Noticed a rust devil
   558 | D        | Mangled by an ice devil

Skill      XL: |  1  2  3  4  5  6  7 |
---------------+----------------------+-----
Fighting       | 5 6 8 10 | 10.3
Long Blades    | 6 8 10 11 13 | 13.5
Dodging        | 3 5 7 8 9 |  9.1
Armour         | |  2.4

Action                   |  1- 3 |  4- 6 |  7- 9 || total
-------------------------+-------+-------+-------++-------
Melee: Falchion          |    12 |    19 |    11 ||    42
       Headbutt          |     3 |     4 |     5 ||    12
Invok: Berserk           |       |       |     1 ||     1
Armor: Chain mail        |       |     4 |     5 ||     9
Dodge: Dodged            |     9 |     6 |     7 ||    22
       Rpst.: Falchion   |     3 |     2 |     4 ||     9
